 Dungeon Crawl Stone Soup version 0.30-a0-652-gcc886f7154 (webtiles) character file.

Game seed: 16264309416110590894

1842273 Angani the Storm Dragon (level 27, 242/242 HPs)
             Began as a Black Draconian Reaver on Jan 6, 2023.
             Was the Champion of Elyvilon.
             Escaped with the Orb
             ... and 4 runes on Jan 18, 2023!
             The game lasted 05:28:26 (112768 turns).

Angani the Storm Dragon (Black Draconian Reaver)  Turns: 112768, Time: 05:28:26

Health: 242/242    AC: 24    Str: 11    XL:     27
Magic:  49/54      EV: 17    Int: 28    God:    Elyvilon [******]
Gold:   4178       SH: 10    Dex: 20    Spells: 24/80 levels left

rFire   + + .      SeeInvis .    b - staff of air
rCold   + . .      Faith    .    y - +1 buckler {AC+3}
rNeg    + + .      Spirit   .    (body armour unavailable)
rPois   +          Reflect  +    R - +2 hat {Will+}
rElec   +          Harm     .    L - scarf {rC+ rF+}
rCorr   +          Rampage  .    K - +2 pair of gloves of Bibur {rCorr Dex+4}
Will    ++++.      Rage     3%   W - +2 pair of boots {Stlth+}
Stlth   +                        o - amulet "Ruogov" {Reflect rN++ Regen+ Str-5 Int+3 SH+5}
HPRegen 0.00/turn                C - ring of poison resistance
MPRegen 0.34/turn                c - ring "Asierph" {rF+ Will+ Dex+5}

@: flying, inhibited regen, studying Long Blades
A: breathe lightning, AC +13, unfitting armour, big wings, electricity
resistance, cold-blooded, antennae 1, berserk 1, deterioration 1, inhibited
regeneration, wild magic 1
0: Orb of Zot
}: 4/15 runes: serpentine, barnacled, slimy, silver
a: Breathe Lightning, Renounce Religion, Purification, Heal Other, Heal Self,
Divine Vigour


You escaped.
You worshipped Elyvilon.
Elyvilon was exalted by your worship.
You visited 11 branches of the dungeon, and saw 55 of its levels.
You visited 1 bazaar.
You also visited: Trove, Gauntlet, Ice Cave and Volcano.

You collected 8640 gold pieces.
You spent 4462 gold pieces at shops.

Inventory:

Hand Weapons
 a - the +6 shillelagh "Devastator" {shatter}
   (You found it on level 1 of the Orcish Mines)
Missiles
 Z - 8 throwing nets
Armour
 y - a +1 buckler of protection (worn)
 K - the +2 pair of gloves of Bibur (worn) {rCorr Dex+4}
   (You found it on level 5 of the Pits of Slime)

   Dex:       It affects your dexterity (+4).
   rCorr:     It protects you from acid and corrosion.
 L - a scarf of resistance (worn)
 R - a +2 hat of willpower (worn)
 W - a +2 pair of boots of stealth (worn)
Magical Staves
 b - a staff of air (weapon)
Jewellery
 c - the ring "Asierph" (right hand) {rF+ Will+ Dex+5}
   (You bought it in a shop in a bazaar)

   [ring of willpower]

   Dex:       It affects your dexterity (+5).
   rF:        It protects you from fire.
   Will:      It increases your willpower.
 f - the amulet "Damnable Contraption" {Spirit Dex+6}
   (You found it on level 5 of the Pits of Slime)

   [amulet of guardian spirit]

   It causes incoming damage to be divided between your reserves of health and
   magic.
   Dex:       It affects your dexterity (+6).
 h - the ring "Vink" {Will+ MP+9}
   (You found it in a treasure trove)

   [ring of willpower]

   MP:        It affects your magic capacity (+9).
   Will:      It increases your willpower.
 o - the amulet "Ruogov" (around neck) {Reflect rN++ Regen+ Str-5 Int+3 SH+5}
   (You found it in a Gauntlet)

   [amulet of reflection]

   It reflects blocked missile attacks.
   Str:       It affects your strength (-5).
   Int:       It affects your intelligence (+3).
   rN:        It greatly protects you from negative energy.
   Regen:     It increases your rate of health regeneration.
   SH:        It affects your SH (+5).
 r - the ring of Truth {Ice Int+4 Slay+6 SInv}
   (You took it off a skeletal warrior on level 3 of the Crypt)

   [ring of ice]

   It enhances your ice magic.
   Int:       It affects your intelligence (+4).
   Slay:      It affects your accuracy & damage with ranged weapons and melee
   (+6).
   rF:        It makes you vulnerable to fire.
   rC:        It protects you from cold.
   SInv:      It lets you see invisible.
 B - the amulet "Muwneca" {Reflect +Blink Str+4 Slay-3 SH+5}
   (You took it off a yaktaur captain on level 5 of the Vaults)

   [amulet of reflection]

   It reflects blocked missile attacks.
   Str:       It affects your strength (+4).
   Slay:      It affects your accuracy & damage with ranged weapons and melee
   (-3).
   +Blink:    It lets you blink.
   SH:        It affects your SH (+5).
 C - a ring of poison resistance (left hand)
 I - the ring "Zesos" {rCorr Dex+4}
   (You found it on level 1 of the Lair of Beasts)

   [ring of resist corrosion]

   Dex:       It affects your dexterity (+4).
   rCorr:     It protects you from acid and corrosion.
 Y - the ring "Wousteon" {rN+ Will+ Dex+6}
   (You took it off Josephina on level 3 of the Crypt)

   [ring of positive energy]

   Dex:       It affects your dexterity (+6).
   rN:        It protects you from negative energy.
   Will:      It increases your willpower.
Wands
 u - a wand of digging (1)
 H - a wand of quicksilver (11)
 J - a wand of roots (36)
 V - a wand of paralysis (53)
Scrolls
 d - 6 scrolls of poison
 g - 3 scrolls of fog
 k - 4 scrolls of brand weapon
 n - 3 scrolls of enchant armour
 p - 7 scrolls of fear
 x - 7 scrolls of immolation
 z - 2 scrolls of blinking
 E - a scroll of summoning
 N - 16 scrolls of teleportation
 P - 3 scrolls of silence
 S - 8 scrolls of amnesia
 X - 2 scrolls of vulnerability
Potions
 e - 5 potions of resistance
 i - 7 potions of mutation
 j - 3 potions of brilliance
 l - 5 potions of cancellation
 q - 9 potions of lignification
 s - 4 potions of invisibility
 t - 5 potions of haste
 v - 2 potions of magic
 w - a potion of ambrosia
 A - 3 potions of berserk rage
 F - 18 potions of curing
 M - 10 potions of might
 O - 7 potions of attraction
 T - 4 potions of heal wounds
Miscellaneous
 D - a phantom mirror
 G - a phial of floods


   Skills:
 + Level 18.8 Fighting
 - Level 3.0 Short Blades
 - Level 7.0 Staves
 - Level 8.8 Dodging
 O Level 27 Spellcasting
 O Level 27 Conjurations
 O Level 27 Air Magic
 - Level 10.0 Invocations
 - Level 7.0 Evocations


You had 24 spell levels left.
You knew the following spells:

 Your Spells              Type           Power      Damage    Failure   Level
a - Conjure Ball Lightni  Conj/Air       76%        3x3d28    1%          6
b - Magic Dart            Conj           100%       1d8       1%          1
c - Poisonous Vapours     Pois/Air       100%       N/A       1%          2
d - Mephitic Cloud        Conj/Pois/Air  100%       N/A       1%          3
e - Static Discharge      Conj/Air       100%       2-7/arc   1%          2
f - Vhi's Electric Charg  Tloc/Air       100%       N/A       1%          3
g - Lightning Bolt        Conj/Air       76%        1d102     1%          5
h - Arcjolt               Conj/Air       76%        1d86      1%          5
i - Orb of Destruction    Conj           64%        9d15      1%          7
j - Airstrike             Air            76%        2d(11-27) 1%          4
k - Apportation           Tloc           98%        N/A       1%          1
l - Chain Lightning       Conj/Air       76%        3d102     3%          9
m - Maxwell's Capacitive  Air            76%        āˆž       1%          8

Your spell library contained the following spells:

 Spells                   Type           Power      Damage    Failure   Level
 Foxfire                  Conj/Fire      100%       2x1d9     1%          1
 Freeze                   Ice            100%       1d10      1%          1
 Kiss of Death            Conj/Necr      100%       2d13      1%          1
 Sandblast                Erth           98%        2d20      1%          1
 Shock                    Conj/Air       100%       1d9       1%          1
 Slow                     Hex            100%       N/A       1%          1
 Sting                    Tmut/Pois      100%       1d8       1%          1
 Cigotuvi's Dreadful Rot  Necr/Pois/Air  100%       N/A       1%          2
 Momentum Strike          Conj/Tloc      100%       3d10      1%          2
 Searing Ray              Conj           100%       2d8       1%          2
 Dazzling Flash           Conj/Hex       100%       N/A       1%          3
 Hailstorm                Conj/Ice       99%        3d19      1%          3
 Kindle Blastsparks       Fire/Tloc/Air  100%       2d18      1%          3
 Stone Arrow              Conj/Erth      100%       3d13      1%          3
 Flame Wave               Conj/Fire      99%        2d21      1%          4
 Fulminant Prism          Conj/Hex       49%        3d21      1%          4
 Iskenderun's Mystic Bla  Conj/Tloc      99%        2d19      1%          4
 Sticky Flame             Conj/Fire      99%        2d11      1%          4
 Summon Lightning Spire   Summ/Air       100%       N/A       1%          4
 Fireball                 Conj/Fire      49%        3d19      1%          5
 Freezing Cloud           Conj/Ice/Air   66%        6-21      1%          5
 Irradiate                Conj/Tmut      49%        3d28      1%          5
 Iskenderun's Battlesphe  Conj           100%       2d15      1%          5
 Silence                  Hex/Air        60%        N/A       1%          5
 Starburst                Conj/Fire      49%        6d14      1%          6
 Blink                    Tloc           98%        N/A       2%          2
 Call Imp                 Summ           49%        N/A       2%          2
 Ensorcelled Hibernation  Hex/Ice        98%        N/A       2%          2
 Lesser Beckoning         Tloc           98%        N/A       2%          2
 Passwall                 Tmut/Erth      40%        N/A       2%          2
 Scorch                   Fire           98%        2d10      2%          2
 Sublimation of Blood     Necr           49%        N/A       2%          2
 Confusing Touch          Hex            49%        N/A       4%          3
 Frozen Ramparts          Ice            98%        1d15      4%          3
 Gell's Gravitas          Tloc           49%        N/A       4%          3
 Ignite Poison            Fire/Tmut/Pois 49%        N/A       4%          3
 Ozocubu's Armour         Ice            49%        N/A       4%          3
 Portal Projectile        Hex/Tloc       98%        N/A       4%          3
 Spider Form              Tmut/Pois      49%        N/A       4%          3
 Teleport Other           Tloc           49%        N/A       4%          3
 Tukima's Dance           Hex            49%        N/A       4%          3
 Vampiric Draining        Necr           49%        2d9       4%          3
 Spellforged Servitor     Conj/Summ      49%        N/A       5%          7
 Storm Form               Tmut/Air       60%        N/A       5%          7
 Anguish                  Hex/Necr       24%        N/A       14%         4
 Dispel Undead            Necr           49%        3d18      14%         4
 Ice Form                 Ice/Tmut       49%        N/A       14%         4
 Olgreb's Toxic Radiance  Pois           49%        N/A       14%         4
 Passage of Golubria      Tloc           49%        N/A       14%         4
 Petrify                  Tmut/Erth      49%        N/A       14%         4
 Summon Ice Beast         Ice/Summ       49%        N/A       14%         4
 Agony                    Necr           49%        N/A       34%         5
 Alistair's Intoxication  Tmut/Pois      32%        N/A       34%         5
 Blade Hands              Tmut           24%        N/A       34%         5
 Borgnjor's Vile Clutch   Necr/Erth      24%        N/A       34%         5
 Lee's Rapid Deconstruct  Erth           24%        3d13*     34%         5
 Metabolic Englaciation   Hex/Ice        24%        N/A       34%         5
 Summon Mana Viper        Hex/Summ       49%        N/A       34%         5
 Yara's Violent Unravell  Hex/Tmut       24%        3d11      34%         5
 Eringya's Noxious Bog    Tmut/Pois      24%        N/A       87%         6
 Simulacrum               Ice/Necr       24%        N/A       87%         6
 Statue Form              Tmut/Erth      32%        N/A       87%         6
 Summon Cactus Giant      Summ           24%        N/A       87%         6
 Dragon Form              Tmut           24%        N/A       100%        7
 Enfeeble                 Hex            24%        N/A       100%        7
 Ozocubu's Refrigeration  Ice            24%        4d12      100%        7
 Summon Hydra             Summ           24%        N/A       100%        7
 Ignition                 Fire           24%        3d8       100%        8
 Dragon's Call            Summ           24%        N/A       100%        9
 Polar Vortex             Ice            24%        N/A       100%        9


Dungeon Overview and Level Annotations

Branches:
Dungeon (15/15)            Temple (0/1) D:4            Lair (5/5) D:8
 Shoals (4/4) Lair:2        Snake (4/4) Lair:3        Slime (5/5) Lair:4
    Orc (2/2) D:9             Elf (3/3) Orc:2        Vaults (5/5) D:14
  Crypt (3/3) Vaults:2       Tomb (0/3) Crypt:3      Depths (4/4) D:15
    Zot (5/5) Depths:4      IceCv (visited)         Volcano (visited)
Gauntlet (visited)

Altars:
Ashenzari
Cheibriados
Elyvilon
Fedhas
Gozag
Kikubaaqudgha
Makhleb
Okawaru
Qazlal
Ru
Sif Muna
Uskayaw
Wu Jian
Yredelemnul
Jiyva

Shops:
D:9 [   Orc:2 *:[[   Elf:3 [**   Snake:1 (*   Vaults:3 ?   Vaults:4 [
Depths:1 *   Depths:2 :=:   Depths:3 ?*

Portals:
Hell: Depths:1 Depths:2 Depths:3 Depths:4
Abyss: Snake:3 Depths:1 Depths:3
Pandemonium: Depths:1 Depths:2 Depths:4
Ziggurat: Depths:2

Annotations:
Lair:3 3 runed translucent doors, mrw0lf's ghost, journeyman GnCK
Lair:5 2 runed translucent doors, Athor's ghost, journeyman FoHu
Shoals:4 Roxanne
Snake:3 2 transporters, Dittersdorf's ghost, adept MiBe
Elf:2 3 runed translucent doors, exclusion: 3 doors
Vaults:4 exclusions: door and obsidian statue
Crypt:2 2 runed translucent doors, exclusion: 2 doors, eyesofgods1's ghost, veteran DsCj
Depths:4 4 transporters


Innate Abilities, Weirdness & Mutations

You can breathe wild blasts of lightning.
Your glossy black scales are hard. (AC +13)
You cannot fit into any form of body armour.
Your large and strong wings let you fly.
You are resistant to electric shocks. (rElec)
You are cold-blooded and may be slowed by cold attacks.
You have a pair of small antennae on your head.
You sometimes lose your temper in combat.
Your body sometimes deteriorates upon taking damage.
You do not regenerate when monsters are visible.
Your spells are a little harder to cast, but a little more powerful.


Message History

You kill the Orb Guardian!
Items here: )) [[.
Things that are here:
a +0 spear; a +0 flail
Items here: ))) [[.
You see here a +0 hand axe.
Things that are here:
a +0 club; a curare-tipped dart; a +0 whip
There is a stone staircase leading up here.
You fly upwards.
There is a stone staircase leading down here.
There is an escape hatch in the floor here.
Magic restored.
There is a stone staircase leading up here.
You fly upwards.
There is a stone staircase leading down here.
There is a stone staircase leading up, spattered with blood here.
You fly upwards.
There is a stone staircase leading down here.
An Orb Guardian comes into view.
There is a stone staircase leading up here.
You fly upwards.
There is a stone staircase leading down here.
There is an escape hatch in the ceiling here.
A mysterious force pulls you upwards. The hatch slams shut behind you.
There is a stone staircase leading up here.
You fly upwards.
There is a stone staircase leading down here.
A soul eater comes into view.
Something hits you but does no damage.
Deactivating autopickup; reactivate with Ctrl-A.
You miss something.
Casting: Chain Lightning (dangerous; 3% risk of failure)
Confirm with . or Enter, or press ? or * to list all spells.
You feel a surge of power! Lightning arcs from your hands!
The bolt of lightning hits something!!!!!
Reactivating autopickup.
You feel a bit more experienced. The bolt of lightning hits you. You resist.
There is a staircase leading out of the dungeon here.
You have escaped!

#.........###.## #.# #
#.........# #.# #.#########
###.........# #.# #..........
...[........###.#################
.................................
.#.#.##########.#################
.#.#.# #.{..........#####. ...#.#
################.#..ā€ ... .###.#
#..PPP.@..~~..##.#.####. .# #.#
##....P.....~~.#..#.#..#. .# #.#
##~#..~..P..~.P.#.##.#..#. .# #.#
#.~#~......P..P.#.##.#..#. )# #.#
#ā‰ˆ~~P.P.PP....~P#.##.#..#.
.###.# ##~~~P..3..~P..##.##.#..#.
...#.#
#.~..Pā‰ˆ.PP......#.#.....#.
.....# #~~PP~.P.P~P....#.####.##.
##.### ##.~~......P..~##.........


You could see a soul eater.

Vanquished Creatures
  A pandemonium lord (Zot:1)
  the Royal Jelly (Slime:5)
  7 orbs of fire
  3 dread liches
  2 ancient liches
  Mennas (Depths:4)
  Mara (Vaults:5)
  Sojobo (Depths:2)
  Josephina (Crypt:3)
  5 Killer Klowns (Zot:5)
  Bai Suzhen (Shoals:2)
  Parghit (Depths:4)
  Margery (Vaults:3)
  4 caustic shrikes (Depths:4)
  A curse toe (Zot:5)
  Xtahua (Vaults:3)
  8 golden dragons
  Nikola (Shoals:2)
  Jory (Vaults:4)
  A profane servitor (Depths:1)
  the Enchantress (Depths:4)
  3 bone dragons
  2 electric golems (Zot:5)
  3 doom hounds (Depths:2)
  Jorgrun (D:15)
  13 tentacled monstrosities
  A walking crystal tome (Depths:3)
  28 Orb Guardians
  4 liches
  A shard shrike skeleton (Crypt:3)
  8 titans
  Grunn (Depths:2)
  2 deep elf blademasters (Elf:3)
  21 acid blobs
  3 quicksilver dragons
  8 ancient champions
  4 sphinxes
  7 death cobs
  A kraken (Shoals:4)
  Frances (Shoals:1)
  Polyphemus (Shoals:2)
  14 storm dragons
  11 shadow dragons
  3 nagarajas (Snake:4)
  10 tengu reavers
  Ilsuiw (Shoals:2)
  4 draconian knights
  11 azure jellies
  4 revenants
  7 draconian monks
  17 frost giants
  2 deep elf sorcerers (Elf:3)
  5 fire giants
  19 rockslimes
  4 iron dragons
  Aizul (Shoals:1)
  13 vault wardens
  5 deep elf elementalists (Elf:3)
  A ghoul (Crypt:2)
  A spectral juggernaut (Depths:3)
  4 draconian scorchers
  A juggernaut zombie (Crypt:3)
  Louise (Snake:2)
  A ghost moth (Zot:5)
  A caustic shrike zombie (Crypt:1)
  5 draconian stormcallers
  3 draconian shifters
  An orc warlord (Vaults:2)
  15 stone giants
  A juggernaut skeleton (Crypt:3)
  18 ironbound preservers
  3 draconian annihilators
  2 curse skulls
  A quicksilver ooze (shapeshifter) (Depths:3)
  A caustic shrike skeleton (Crypt:3)
  5 war gargoyles
  A cacodemon (Depths:1)
  30 very ugly things
  7 spriggan defenders
  16 quicksilver oozes
  A lorocyproca (D:1)
  5 ironbound thunderhulks
  A rockslime zombie (Crypt:2)
  2 vampire knights
  7 yellow draconians
  4 deep elf demonologists (Elf:3)
  10 spark wasps
  12 black draconians
  8 dire elephants
  14 green draconians
  7 deep elf annihilators (Elf:3)
  A minotaur (Gauntlet)
  3 white draconians
  4 purple draconians
  9 red draconians
  9 eidola
  8 deep elf death magi
  10 fire dragons
  5 merfolk javelineers
  An acid blob zombie (Crypt:3)
  11 merfolk impalers
  16 ettins
  7 deep elf high priests
  11 great orbs of eyes
  A green death (Depths:2)
  A crystal guardian (Vaults:4)
  11 yaktaur captains
  A quicksilver dragon zombie (Crypt:3)
  2 entropy weavers
  2 rakshasas
  Erolcha (Orc:1)
  8 ice dragons
  10 salamander tyrants
  A hell beast (Zot:1)
  11 merfolk avatars
  A jorogumo (shapeshifter) (Depths:3)
  A spriggan zombie (Crypt:2)
  2 caustic shrike simulacra (IceCv)
  35 vault guards
  3 ogre magi
  7 spriggan air magi
  45 hydras
  2 death knights
  2 quicksilver dragon skeletons (Crypt:3)
  7 anacondas
  2 peacekeepers (Vaults:4)
  Fannar (Lair:1)
  Erica (Lair:2)
  A fenstrider witch skeleton (Crypt:3)
  3 merfolk aquamancers
  2 alligator snapping turtles
  6 boulder beetles
  5 catoblepae
  8 two-headed ogres
  4 ironbound frosthearts
  A titan zombie (D:15)
  13 dancing weapons
  16 centaur warriors
  7 tengu warriors
  7 deep troll earth magi
  An azure jelly zombie (Crypt:3)
  3 satyrs
  22 death yaks
  9 orc high priests (Orc:2)
  13 naga warriors
  8 deep troll shamans
  10 naga sharpshooters
  7 vampire magi
  7 shock serpents
  4 spriggan berserkers
  A bennu skeleton (Crypt:3)
  4 hell hogs (D:13)
  3 soul eaters
  Amaemon (Lair:1)
  4 deep elf knights
  7 hell knights
  5 iron trolls
  42 skeletal warriors
  A storm dragon zombie (Vaults:3)
  Sonja (Lair:5)
  2 sun demons
  12 salamander mystics
  2 shadow wraiths (Crypt:3)
  Nergalle (Lair:2)
  A fire crab (shapeshifter) (D:13)
  60 deep trolls
  16 sea snakes
  6 glowing orange brains
  A spark wasp zombie (D:15)
  Lodul (D:11)
  A bog body (Crypt:2)
  5 flayed ghosts
  4 naga ritualists
  An orb spider (shapeshifter) (Vaults:5)
  An anaconda skeleton (Crypt:3)
  15 ironbound convokers
  4 lindwurms
  16 deep elf zephyrmancers
  A kraken simulacrum (Shoals:4)
  12 necromancers
  9 deep elf archers
  25 harpies
  10 phantasmal warriors
  3 bunyip skeletons
  11 wizards
  9 shining eyes
  A fenstrider witch simulacrum (Crypt:3)
  8 orc knights
  A manticore (shapeshifter) (D:15)
  20 deep elf pyromancers
  17 mana vipers
  17 manticores
  A tengu skeleton (Vaults:3)
  3 oklob plants (Lair:1)
  42 ugly things
  41 salamanders
  2 orc sorcerers
  A sphinx skeleton (D:15)
  19 fauns
  A jorogumo skeleton (Crypt:3)
  A shadow dragon skeleton (Crypt:3)
  An iron dragon skeleton (Crypt:3)
  14 moths of wrath
  7 merfolk sirens
  6 elephants (Lair:4)
  10 cyclopes
  14 vault sentinels
  6 guardian serpents
  31 black mambas
  5 eyes of devastation
  An ice statue (Snake:2)
  13 cane toads
  2 orange demons
  2 water nymphs
  A human skeleton (Vaults:3)
  A smoke demon (Depths:2)
  2 torpor snails
  11 naga magi
  3 kobold demonologists
  A naga skeleton (Crypt:3)
  2 gargoyles
  4 komodo dragons
  2 unseen horrors (D:11)
  3 centaur skeletons
  A dire elephant skeleton (Crypt:3)
  4 efreet
  2 anaconda simulacra
  23 yaktaurs
  2 rime drakes
  2 tengu conjurers (Depths:2)
  6 spriggan skeletons
  4 ice devils
  A yaktaur skeleton (Vaults:3)
  An alligator snapping turtle skeleton (Crypt:3)
  2 freezing wraiths
  A golden dragon simulacrum (IceCv)
  A hydra zombie (Crypt:2)
  8 trolls
  A polar bear (Lair:2)
  2 red devils
  A queen bee (shapeshifter) (D:15)
  2 hellwings
  9 hornets
  A polar bear (shapeshifter) (Elf:2)
  11 wind drakes
  39 merfolk
  12 snapping turtles
  A tarantella (shapeshifter) (Vaults:5)
  A satyr zombie (Crypt:2)
  3 harpy skeletons (Crypt:3)
  3 blink frogs (Lair:5)
  10 dream sheep
  2 jumping spiders (Vaults:1)
  104 slime creatures
  13 flying skulls
  2 centaur simulacra
  2 air elementals
  3 shadows
  2 ettin skeletons (Crypt:3)
  53 yaks
  12 spriggans
  2 wyverns (Lair:2)
  2 vampires
  A yak (shapeshifter) (Depths:3)
  2 water elementals
  2 dire elephant simulacra
  10 wraiths
  A human (shapeshifter) (D:14)
  2 basilisks
  A chaos spawn (Depths:2)
  2 redbacks (Vaults:5)
  4 fire elementals
  12 golden eyes
  A neqoxec (Depths:4)
  2 steam dragons
  5 vampire mosquitoes (D:13)
  A redback (shapeshifter) (Depths:1)
  5 naga zombies
  A glowing shapeshifter zombie (Vaults:3)
  2 harpy simulacra (Crypt:3)
  24 nagas
  17 wargs
  A fire bat zombie (Crypt:1)
  6 acid dragons
  10 water moccasins
  An entropy weaver zombie (Crypt:1)
  A floating eye (Lair:4)
  2 deep troll skeletons
  31 orc warriors
  2 sky beasts
  2 black bears
  A cane toad skeleton (Crypt:1)
  An alligator simulacrum (IceCv)
  14 ogres
  A small abomination (Depths:4)
  A boggart (D:13)
  A blink frog skeleton (Crypt:2)
  9 wolves
  16 centaurs
  A blink frog zombie (Crypt:2)
  A draconian zombie (Crypt:1)
  4 kobold brigands
  A komodo dragon zombie (Crypt:2)
  A rime drake zombie (Crypt:1)
  8 bullfrogs
  A gnoll sergeant (D:7)
  3 necrophages
  4 scorpions
  2 earth elementals
  6 wights (D:9)
  2 lindwurm simulacra (IceCv)
  5 killer bees
  3 howler monkeys
  3 electric eels
  4 lava snakes (Lair:3)
  2 gnoll boudas
  6 hounds
  A bullfrog zombie (Crypt:2)
  31 orc priests
  7 jellies
  7 iguanas
  29 orc wizards
  A howler monkey zombie (Crypt:3)
  22 gnolls
  10 adders
  5 shadow imps
  4 white imps
  An ufetubus (D:5)
  2 worms
  3 dart slugs
  109 orcs
  5 bats
  5 endoplasms
  A giant cockroach (D:5)
  9 goblins
  11 hobgoblins
  2 jackals (D:3)
  71 kobolds
  5 quokkas
  9 ball pythons
  4 frilled lizards
  An orc skeleton (Crypt:1)
  A quokka skeleton (Crypt:1)
  A ball lightning (Shoals:1)
  A bush (Lair:5)
  4 tentacles (Shoals:4)
2468 creatures vanquished.

Vanquished Creatures (collateral kills)
  the Lernaean hydra (D:14)
  Donald (Shoals:4)
  A vault warden (Vaults:5)
  An ironbound preserver (Vaults:5)
  A blizzard demon (Gauntlet)
  A death yak (Lair:5)
  5 yaks (Lair:5)
  12 ball lightnings
23 creatures vanquished.

Vanquished Creatures (others)
  A spark wasp (Depths:2)
  A merfolk impaler (Shoals:2)
  2 death yaks (Shoals:2)
  An ironbound convoker (Vaults:4)
  A deep elf pyromancer (Elf:1)
  A manticore (D:13)
  A water nymph (Shoals:2)
  A gnoll sergeant (D:9)
  An orc wizard (D:11)
  An orc (D:9)
  A ball python (D:4)
  344 ball lightnings
  38 fungi
  154 plants
  14 tentacles (Shoals:4)
  21 withered plants
583 creatures vanquished.

Grand Total: 3074 creatures vanquished

Notes
Turn   | Place    | Note
-------+----------+-------------------------------------------
     0 | D:1      | Angani the Draconian Reaver began the quest for the Orb.
     0 | D:1      | Reached XP level 1. HP: 17/17 MP: 3/3
    59 | D:1      | Found a faded altar of an unknown god.
    62 | D:1      | Prayed at the altar of an unknown god.
    62 | D:1      | Became a worshipper of Elyvilon the Healer
    62 | D:1      | Reached * piety under Elyvilon
   198 | D:1      | Reached XP level 2. HP: 19/24 MP: 5/5
   280 | D:1      | Reached skill level 1 in Invocations
   466 | D:1      | Learned a level 1 spell: Magic Dart
   804 | D:1      | Reached ** piety under Elyvilon
   839 | D:1      | Reached XP level 3. HP: 29/29 MP: 1/7
  2215 | D:3      | Reached *** piety under Elyvilon
  2441 | D:3      | Reached XP level 4. HP: 31/36 MP: 0/8
  3247 | D:4      | Found a staircase to the Ecumenical Temple.
  3257 | D:4      | Found an ornate altar of the Wu Jian Council.
  3265 | D:4      | Reached XP level 5. HP: 35/41 MP: 7/10
  3301 | D:5      | Entered Level 5 of the Dungeon
  3749 | D:4      | Noticed an ogre
  3758 | D:4      | Killed an ogre
  3759 | D:4      | Reached XP level 6. HP: 39/48 MP: 2/12
  3839 | D:4      | Reached **** piety under Elyvilon
  4077 | D:4      | Found a snail-covered altar of Cheibriados.
  4077 | D:4      | Found a broken altar of Ashenzari.
  4077 | D:4      | Found an opulent altar of Gozag.
  4151 | D:4      | Found a burning altar of Makhleb.
  4157 | D:4      | Found a blossoming altar of Fedhas.
  4800 | D:4      | Reached skill level 5 in Conjurations
  5126 | D:4      | Your scales start taking on a glossy black colour.
  5126 | D:4      | Reached XP level 7. HP: 49/55 MP: 0/13
  5126 | D:4      | Gained mutation: You are resistant to electric shocks.
                  | (rElec) [Black Draconian growth]
  6165 | D:4      | Learned a level 2 spell: Poisonous Vapours
  6169 | D:4      | Learned a level 3 spell: Mephitic Cloud
  6302 | D:5      | Reached skill level 1 in Air Magic
  6399 | D:5      | Reached skill level 5 in Invocations
  6456 | D:5      | Reached skill level 5 in Spellcasting
  6598 | D:5      | Reached XP level 8. HP: 52/61 MP: 7/15
  7290 | D:5      | Found an iron altar of Okawaru.
  8050 | D:6      | Noticed a two-headed ogre
  8427 | D:6      | Found a shimmering blue altar of Sif Muna.
  8509 | D:6      | Reached ***** piety under Elyvilon
  8524 | D:6      | Reached skill level 5 in Air Magic
  8614 | D:6      | Reached XP level 9. HP: 59/67 MP: 14/18
  8873 | D:6      | Killed a two-headed ogre
 10932 | D:8      | Reached XP level 10. HP: 37/73 MP: 18/21
 11716 | D:8      | Found a staircase to the Lair.
 12040 | D:8      | Upgraded the game from 0.30-a0-595-g91969c0fa5 to
                  | 0.30-a0-603-g51a0fb1b98
 12040 | D:8      | Upgraded the game from 0.30-a0-603-g51a0fb1b98 to
                  | 0.30-a0-622-gddc90eaa04
 12206 | D:9      | Found Jaepre's Antique Armour Shop.
 12218 | D:9      | Bought a glowing scarf for 168 gold pieces
 12264 | D:9      | Noticed a two-headed ogre
 12281 | D:9      | Pacified a two-headed ogre
 12497 | D:9      | Found a staircase to the Orcish Mines.
 12751 | D:9      | Reached skill level 10 in Invocations
 12881 | D:9      | Noticed a two-headed ogre
 12889 | D:9      | Pacified a two-headed ogre
 12890 | D:9      | Reached skill level 10 in Air Magic
 13102 | D:9      | Reached skill level 5 in Fighting
 13117 | D:9      | Reached XP level 11. HP: 88/88 MP: 17/23
 13158 | D:9      | Noticed a deep elf pyromancer
 13162 | D:9      | Killed a deep elf pyromancer
 13682 | D:9      | Noticed an orc knight
 13728 | D:9      | Killed an orc knight
 13782 | D:9      | Noticed a tengu warrior
 13802 | D:9      | Elyvilon protects you from harm!
 13827 | D:9      | Noticed a five-headed hydra
 13828 | D:9      | Pacified a five-headed hydra
 14515 | D:9      | Pacified a tengu warrior
 14680 | D:9      | Noticed a two-headed ogre
 14681 | D:9      | Pacified a two-headed ogre
 14720 | D:9      | Identified the ring of Ginkaqim {rF+ rCorr MP+9}
 14720 | D:9      | Noticed a death knight
 14983 | D:9      | Upgraded the game from 0.30-a0-622-gddc90eaa04 to
                  | 0.30-a0-626-gd6a5dd7a1f
 15121 | D:10     | Entered Level 10 of the Dungeon
 15341 | D:10     | Reached skill level 10 in Fighting
 15749 | D:10     | Found a portal to a secret trove of treasure.
 15999 | D:10     | Noticed a two-headed ogre
 16036 | D:10     | Killed a two-headed ogre
 16037 | D:10     | Reached skill level 5 in Dodging
 16166 | Lair:1   | Entered Level 1 of the Lair of Beasts
 16258 | Lair:1   | Noticed Fannar
 16271 | Lair:1   | Killed Fannar
 16272 | Lair:1   | Reached skill level 1 in Staves
 16272 | Lair:1   | Reached skill level 1 in Evocations
 16275 | Lair:1   | Found a dark tunnel.
 16293 | Volcano  | Entered a volcano
 16328 | Volcano  | Noticed a sun demon
 16606 | Lair:1   | Noticed an oklob plant
 16624 | Lair:1   | Reached XP level 12. HP: 77/106 MP: 17/24
 17319 | Lair:2   | Noticed Amaemon
 17485 | Lair:3   | Noticed a death yak
 17485 | Lair:3   | Noticed a death yak
 17552 | Lair:1   | Killed Amaemon
 17862 | Lair:2   | Noticed Nergalle
 17879 | Lair:2   | Killed Nergalle
 17971 | Lair:2   | Found a staircase to the Shoals.
 18250 | Lair:2   | Noticed Erica
 18260 | Lair:2   | Killed Erica
 18261 | Lair:2   | Reached skill level 5 in Staves
 18261 | Lair:2   | Reached skill level 5 in Evocations
 18924 | Lair:3   | Noticed a death yak
 18924 | Lair:3   | Noticed a death yak
 18924 | Lair:3   | Noticed a death yak
 18925 | Lair:3   | Noticed a death yak
 19245 | Lair:3   | Noticed a death yak
 19246 | Lair:3   | Noticed a death yak
 19253 | Lair:3   | Pacified a death yak
 19255 | Lair:3   | Noticed a death yak
 19257 | Lair:3   | Pacified a death yak
 19262 | Lair:3   | Pacified a death yak
 19496 | Lair:3   | Reached XP level 13. HP: 94/113 MP: 25/25
 19879 | Lair:3   | Found a runed translucent gate.
 19879 | Lair:3   | Noticed mrw0lf's ghost (journeyman GnCK)
 19880 | Lair:3   | Found a runed translucent gate.
 19880 | Lair:3   | Found a runed translucent gate.
 20109 | Lair:3   | Found a staircase to the Snake Pit.
 20489 | Lair:4   | Learned a level 2 spell: Static Discharge
 20493 | Lair:4   | Learned a level 3 spell: Vhi's Electric Charge
 20499 | Lair:4   | Learned a level 5 spell: Lightning Bolt
 20505 | Lair:4   | Learned a level 5 spell: Arcjolt
 21268 | Lair:4   | Found a staircase to the Slime Pits.
 22255 | Lair:1   | Identified the ring "Zesos" {rCorr Dex+4}
 22261 | Lair:1   | Got the Commentary on Allied Refrigeration
 22365 | Lair:5   | Entered Level 5 of the Lair of Beasts
 22888 | Lair:4   | Reached skill level 10 in Conjurations
 23090 | Lair:5   | Noticed Sonja
 23204 | Lair:5   | Killed Sonja
 23233 | Lair:4   | Gained mutation: Your large and strong wings let you fly.
                  | [Black Draconian growth]
 23233 | Lair:4   | Reached XP level 14. HP: 40/121 MP: 4/26
 23672 | Lair:5   | Found a large runed translucent door.
 23672 | Lair:5   | Found a large runed translucent door.
 23677 | Lair:5   | Noticed Athor's ghost (journeyman FoHu)
 27060 | D:11     | Noticed Lodul
 27064 | D:11     | Killed Lodul
 28842 | D:12     | Reached ****** piety under Elyvilon
 29355 | D:13     | Reached skill level 10 in Spellcasting
 29505 | Orc:1    | Entered Level 1 of the Orcish Mines
 29509 | Orc:1    | Noticed Erolcha
 29629 | Orc:1    | Killed Erolcha
 29814 | Orc:2    | Entered Level 2 of the Orcish Mines
 30118 | Orc:1    | Reached XP level 15. HP: 120/126 MP: 27/29
 30421 | Orc:1    | Found the +6 shillelagh "Devastator" {shatter}
 30429 | Orc:1    | Identified the +2 leather armour "Kiv Huyf" {rF+ rN+
                  | Stlth-}
 30991 | Orc:2    | Found Mahixzi's Antique Armour Shoppe.
 30991 | Orc:2    | Found Sohipp's Antique Armour Boutique.
 31094 | Orc:2    | Found Leatonwu's Book Boutique.
 31168 | Orc:2    | Found Miwiq's General Store.
 31176 | Orc:2    | Bought 2 potions of might for 96 gold pieces
 31176 | Orc:2    | Bought a scroll of poison for 48 gold pieces
 31209 | Orc:2    | Bought a pair of buzzing gloves for 323 gold pieces
 31209 | Orc:2    | Identified the +0 pair of gloves "Walydgh" {Regen+ Slay-5
                  | SInv} (You bought it in a shop on level 2 of the Orcish
                  | Mines)
 31233 | Orc:2    | Upgraded the game from 0.30-a0-626-gd6a5dd7a1f to
                  | 0.30-a0-629-gd54f4be4f7
 31315 | Orc:2    | Found a staircase to the Elven Halls.
 32058 | Orc:2    | Bought a pair of embroidered gloves for 247 gold pieces
 33619 | D:13     | Identified the +1 scale mail of Didel {rF+ rN+ Str+4}
 34681 | D:14     | Found a runed translucent door.
 34681 | D:14     | Found a runed translucent door.
 34681 | D:14     | Noticed the 27-headed Lernaean hydra
 34820 | D:14     | Found a gate leading to a gauntlet.
 34830 | Gauntlet | Entered a Gauntlet
 34830 | Gauntlet | Found a transporter.
 34830 | Gauntlet | Found a transporter.
 34915 | Gauntlet | Found a transporter.
 34918 | Gauntlet | Found a transporter.
 34918 | Gauntlet | Found a transporter.
 34920 | Gauntlet | Found a transporter.
 34932 | Gauntlet | Found a transporter.
 34946 | Gauntlet | Found a transporter.
 34970 | Gauntlet | Found a transporter.
 35044 | Gauntlet | Found a transporter.
 35046 | Gauntlet | Found a transporter.
 35058 | Gauntlet | Found a transporter.
 35490 | Gauntlet | Identified the amulet "Ruogov" {Reflect rN++ Regen+ Str-5
                  | Int+3 SH+5}
 35913 | D:13     | Learned a level 6 spell: Conjure Ball Lightning
 36254 | D:14     | Found a runed translucent door.
 36353 | D:14     | Found a gate to the Vaults.
 36900 | D:15     | Entered Level 15 of the Dungeon
 36978 | D:15     | Noticed Jorgrun
 36987 | D:15     | Killed Jorgrun
 37762 | D:15     | Reached XP level 16. HP: 112/134 MP: 10/34
 37889 | D:15     | Found a staircase to the Depths.
 38154 | D:15     | Reached skill level 15 in Spellcasting
 38368 | D:15     | Reached skill level 15 in Air Magic
 39152 | Shoals:1 | Entered Level 1 of the Shoals
 39639 | D:14     | Found a runed translucent door.
 39824 | D:14     | Found a runed translucent door.
 40005 | D:14     | Killed the 27-headed Lernaean hydra
 40034 | D:14     | Identified the ring of Mysticism {*Slow rC- rN+ Str+7
                  | Int+6}
 40035 | D:14     | Got the Elucidation of the Blink Frog
 40749 | Shoals:1 | Noticed Frances
 40765 | Shoals:1 | Killed Frances
 40766 | Shoals:1 | Reached XP level 17. HP: 131/140 MP: 25/36
 41280 | Shoals:1 | Upgraded the game from 0.30-a0-629-gd54f4be4f7 to
                  | 0.30-a0-643-g638baaf3f0
 41305 | Shoals:2 | Noticed Aizul
 41316 | Shoals:1 | Killed Aizul
 41555 | Shoals:2 | Noticed Ilsuiw
 41588 | Shoals:2 | Noticed Polyphemus
 41588 | Shoals:2 | Identified the +1 pair of gloves of the Evening {Int+2}
 41588 | Shoals:2 | Noticed Nikola
 42084 | Shoals:2 | Killed Polyphemus
 42239 | Shoals:2 | Killed Nikola
 42462 | Shoals:2 | Killed Ilsuiw
 44209 | Shoals:3 | Noticed Bai Suzhen
 44501 | Elf:1    | Entered Level 1 of the Elven Halls
 44579 | Elf:1    | Learned a level 7 spell: Orb of Destruction
 45549 | Elf:1    | Found an ancient bone altar of Kikubaaqudgha.
 45776 | Elf:1    | Reached XP level 18. HP: 151/151 MP: 37/37
 47171 | Elf:2    | Found a runed translucent gate.
 47172 | Elf:2    | Found a runed translucent gate.
 47172 | Elf:2    | Found a runed translucent gate.
 47309 | Elf:3    | Entered Level 3 of the Elven Halls
 47678 | Elf:3    | Found Nyem Wig's Antique Armour Shop.
 47774 | Elf:3    | Reached skill level 15 in Conjurations
 47852 | Elf:3    | Found Regyhy's Retail Resort.
 47857 | Elf:3    | Bought a potion of resistance for 140 gold pieces
 47857 | Elf:3    | Bought a wand of roots (5) for 168 gold pieces
 47922 | Elf:3    | Reached XP level 19. HP: 157/158 MP: 6/38
 48119 | Elf:3    | Found Kanawal's Assorted Antiques.
 48122 | Elf:3    | Bought a potion of curing for 81 gold pieces
 48122 | Elf:3    | Bought a potion of haste for 270 gold pieces
 48662 | Elf:3    | Noticed a Brimstone Fiend
 49227 | Elf:3    | Identified the amulet "Xabol" {RegenMP Rampage *Slow rPois
                  | Str+6}
 49327 | Elf:3    | Identified the +7 shortbow of the Silent Majority {drain,
                  | rF+ rC- Will- Int+8}
 49345 | Elf:3    | Identified the +1 chain mail of the Big Bang {rF+}
 49347 | Elf:3    | HP: 3/158 [deep elf master archer/arrow (23)]
 49533 | Elf:3    | Identified the ring "Duachonk" {rPois rCorr Int-5 Dex+7
                  | Stlth-}
 49843 | Elf:3    | Identified the +10 hand axe of Angani's Execution {flame,
                  | Int+6 Stlth+}
 49843 | Elf:3    | Identified the ring "Fithribo" {*Corrode rN+ Str+7 Dex+6}
 50060 | Elf:3    | Identified the +11 dagger "Sigg" {freeze, Int+3 SInv}
 50692 | Elf:3    | Identified the +0 pair of gloves of a Gauntlet {rC++ Int-3}
 50701 | Elf:3    | Got Sif Muna's Lectures on Tectonic Astrapomancy
 50710 | Elf:3    | Learned a level 4 spell: Airstrike
 50727 | Elf:3    | Identified the +3 shortbow of Bisa Icia {speed, rPois}
 51565 | Shoals:2 | Killed Bai Suzhen
 52833 | Shoals:3 | Identified the +5 glaive of Bantouwk {flame, rPois Dex+3}
 53064 | Shoals:4 | Entered Level 4 of the Shoals
 54136 | Shoals:4 | HP: 6/158 [spore (7)]
 54136 | Shoals:4 | Elyvilon protects you from harm!
 54136 | Shoals:4 | HP: 2/158 [merfolk javelineer/silver javelin (4)]
 54136 | Shoals:4 | Elyvilon protects you from harm!
 54713 | Shoals:4 | Found a stormy altar of Qazlal.
 54955 | Shoals:4 | Found a hide-covered altar of Uskayaw.
 55127 | Shoals:4 | Noticed Donald
 55151 | Shoals:4 | Killed Donald
 55966 | Shoals:4 | Got a barnacled rune of Zot
 56283 | Shoals:4 | Identified Roxanne's Lessons on Minerals
 56283 | Shoals:4 | Noticed Roxanne
 57026 | Snake:1  | Entered Level 1 of the Snake Pit
 57029 | Snake:1  | Reached XP level 20. HP: 155/166 MP: 41/41
 57798 | Snake:1  | Found Vatixze's Assorted Antiques.
 57806 | Snake:1  | Bought a notched granite ring for 145 gold pieces
 57807 | Snake:1  | Found Loreps's Weapon Boutique.
 57919 | Snake:1  | Identified the +1 whip "Ziesovo" {heavy, Will+}
 58032 | Snake:2  | Found a frozen archway.
 58079 | IceCv    | Entered an ice cave
 58209 | IceCv    | Found a transporter.
 58218 | IceCv    | Found a transporter.
 58964 | Snake:2  | Noticed Louise
 58969 | Snake:2  | Killed Louise
 61308 | Snake:3  | Found a transporter.
 61321 | Snake:3  | Found a transporter.
 61327 | Snake:3  | Noticed Dittersdorf's ghost (adept MiBe)
 61342 | Snake:3  | Found a one-way gate to the infinite horrors of the Abyss.
 61636 | Snake:4  | Entered Level 4 of the Snake Pit
 63956 | Snake:4  | Reached XP level 21. HP: 178/178 MP: 44/45
 64000 | Snake:4  | Upgraded the game from 0.30-a0-643-g638baaf3f0 to
                  | 0.30-a0-652-gcc886f7154
 64282 | Snake:4  | Got a serpentine rune of Zot
 64848 | Vaults:1 | Entered Level 1 of the Vaults
 66247 | Vaults:1 | Reached skill level 15 in Fighting
 67766 | Vaults:2 | Found a staircase to the Crypt.
 67938 | Vaults:2 | You are sucked into a shaft and drop 2 floors!
 68225 | Vaults:4 | Identified the +8 war axe of Conuesig {holy, rF+}
 68268 | Vaults:4 | Paralysed by a sphinx for 5 turns
 68405 | Vaults:4 | Identified a scroll of acquirement
 68430 | Vaults:4 | Learned a level 1 spell: Apportation
 68557 | Vaults:4 | Acquired the Anthology of Supportive Wounds
 68569 | Vaults:4 | Learned a level 9 spell: Chain Lightning
 68792 | Vaults:4 | Noticed Jory
 68869 | Vaults:4 | HP: 9/190 [shot self (11)]
 69047 | Vaults:4 | Found Ujukoara's Antique Armour Emporium.
 69118 | Vaults:3 | Noticed Xtahua
 69726 | Vaults:3 | Killed Xtahua
 70251 | Vaults:3 | Identified the +8 shortbow "Widowermaker" {elec, *Corrode
                  | rN+ Int+6}
 70701 | Vaults:3 | Found Lipoih's Magic Scroll Emporium.
 70709 | Vaults:3 | Bought a scroll of teleportation for 60 gold pieces
 70709 | Vaults:3 | Bought a scroll of summoning for 190 gold pieces
 70709 | Vaults:3 | Bought a scroll of teleportation for 60 gold pieces
 70709 | Vaults:3 | Bought a scroll of fog for 80 gold pieces
 70907 | Vaults:3 | Noticed Margery
 70916 | Vaults:3 | Killed Margery
 70917 | Vaults:3 | Reached XP level 22. HP: 187/198 MP: 43/46
 72792 | Vaults:4 | Killed Jory
 74140 | Crypt:1  | Entered Level 1 of the Crypt
 76963 | Crypt:2  | Found a large runed translucent door.
 76963 | Crypt:2  | Found a large runed translucent door.
 76964 | Crypt:2  | Noticed eyesofgods1's ghost (veteran DsCj)
 77105 | Crypt:3  | Entered Level 3 of the Crypt
 77105 | Crypt:3  | Found a staircase to the Tomb.
 78869 | Crypt:3  | Reached XP level 23. HP: 204/204 MP: 26/47
 79169 | Crypt:3  | Identified the ring "Wousteon" {rN+ Will+ Dex+6}
 79169 | Crypt:3  | Noticed Josephina
 79224 | Crypt:3  | Killed Josephina
 79635 | Crypt:3  | Noticed a dread lich
 79639 | Crypt:3  | Killed a dread lich
 80350 | Crypt:3  | Identified the ring of the Salamander {+Blink rN+ Int+3}
 80355 | Crypt:3  | Identified the ring of Truth {Ice Int+4 Slay+6 SInv}
 80588 | Crypt:3  | Found an ancient bone altar of Kikubaaqudgha.
 81278 | Crypt:3  | Identified the ring "Fium" {rN+ Dex+2}
 82283 | Depths:1 | Entered Level 1 of the Depths
 83413 | Depths:1 | Found a gateway to Hell.
 83992 | Depths:1 | Found a one-way gate leading to the halls of Pandemonium.
 84187 | Depths:1 | Found Norethe's Serpentskin Sales.
 84600 | Depths:2 | Found Oworchimn's Book Boutique.
 84614 | Depths:2 | Found Fuaf Anaurph's Book Boutique.
 84635 | Depths:2 | Found Vorav's Jewellery Emporium.
 84686 | Depths:2 | Found a flickering gateway to a bazaar.
 84691 | Bazaar   | Entered a bazaar
 84691 | Bazaar   | Found Wistoolu's Antique Armour Boutique.
 84691 | Bazaar   | Found Picrasch's Antique Weapon Boutique.
 84691 | Bazaar   | Found Vocwek's Jewellery Shop.
 84691 | Bazaar   | Found Qesipsoc's General Store.
 84691 | Bazaar   | Found Qej Ilan's Antique Weapon Boutique.
 84696 | Bazaar   | Bought a scroll of magic mapping for 97 gold pieces
 84696 | Bazaar   | Bought a wand of roots (2) for 62 gold pieces
 84710 | Bazaar   | Bought a pair of glowing boots for 142 gold pieces
 84710 | Bazaar   | Bought a pair of runed boots for 142 gold pieces
 84729 | Bazaar   | Bought the ring "Asierph" {rF+ Will+ Dex+5} for 445 gold
                  | pieces
 84767 | Bazaar   | Bought the amulet of the Air {Inacc Air Fly rElec RMsl} for
                  | 338 gold pieces
 84767 | Bazaar   | Found the amulet of the Air {Inacc Air Fly rElec RMsl}
 84848 | Depths:2 | Found the +8 Vampire's Tooth {megavamp}
 85022 | Depths:2 | Bought a book of the Sky for 792 gold pieces
 85031 | Depths:2 | Learned a level 8 spell: Maxwell's Capacitive Coupling
 85227 | Depths:2 | Found a one-way gateway to a ziggurat.
 85236 | Depths:2 | Noticed Sojobo
 85420 | Depths:2 | Identified the +7 mace "Jomnuhio" {drain, rPois Dex+3}
 85430 | Depths:2 | Killed Sojobo
 85516 | Depths:2 | Noticed Grunn
 85521 | Depths:2 | Killed Grunn
 85716 | Depths:2 | Found a sacrificial altar of Ru.
 86713 | Depths:3 | Reached XP level 24. HP: 212/212 MP: 29/47
 86998 | Depths:3 | Found Ciutet's General Store.
 87003 | Depths:3 | Found Qigriewn's Magic Scroll Emporium.
 87008 | Depths:3 | Bought 3 scrolls of teleportation for 153 gold pieces
 87008 | Depths:3 | Bought a potion of lignification for 51 gold pieces
 87274 | Depths:3 | Bought a scroll of enchant armour for 82 gold pieces
 87274 | Depths:3 | Bought a scroll of blinking for 82 gold pieces
 87460 | Depths:3 | Found a basalt altar of Yredelemnul.
 88225 | Depths:3 | Reached skill level 27 in Air Magic
 89172 | D:10     | You paid a toll of +2 gold dragon scales to enter a
                  | treasure trove
 89173 | Trove    | Entered a treasure trove
 89177 | Trove    | Identified the ring of Sikhlieny {Fire rPois Str+4 Int+2
                  | Dex-5}
 89180 | Trove    | Identified the ring of Reuhiek {rF+++ rN+ Will- rCorr
                  | Dex+3}
 89182 | Trove    | Identified the ring "Vink" {Will+ MP+9}
 89184 | Trove    | Identified the ring "Ypiec" {Fire Int+5}
 89188 | Trove    | Identified the ring of Heitsed {rElec rN+ Int+3 Dex+4}
 89191 | Trove    | Identified the ring of Aleogg {Will+ Dex+6}
 89192 | Trove    | Identified the ring "Capaffy" {Ice Str+4}
 90074 | Depths:3 | Identified the +2 chain mail of Senk {rPois rF- rN+ Int+3}
 91071 | Depths:4 | Entered Level 4 of the Depths
 91673 | Depths:4 | Noticed Mennas
 92091 | Depths:4 | Killed Mennas
 92193 | Depths:4 | Found a basalt altar of Yredelemnul.
 92377 | Depths:4 | Noticed the Enchantress
 92386 | Depths:4 | Killed the Enchantress
 93215 | Depths:4 | Reached XP level 25. HP: 185/220 MP: 21/47
 94286 | Depths:4 | Found a gate to the Realm of Zot.
 94312 | Depths:4 | Found a transporter.
 94344 | Depths:4 | Noticed Parghit
 94349 | Depths:4 | Killed Parghit
 94457 | Depths:4 | Found a transporter.
 94476 | Depths:4 | Found a transporter.
 94495 | Depths:4 | Found a transporter.
 94553 | Depths:4 | Found a viscous altar of Jiyva.
 94855 | Vaults:5 | Entered Level 5 of the Vaults
 94861 | Vaults:5 | Noticed an ancient lich
 95010 | Vaults:5 | Killed an ancient lich
 95661 | Vaults:5 | Reached skill level 27 in Conjurations
 97412 | Vaults:5 | Identified the +6 spear of the Three Blessings {freeze, rC+
                  | Will- MP+9}
 97562 | Vaults:5 | Noticed Mara
 97567 | Vaults:5 | Killed Mara
 97571 | Vaults:5 | Identified the +5 quarterstaff "Kufaiv" {freeze, rPois
                  | Str+4 Int-5}
 97583 | Vaults:5 | Identified the amulet "Muwneca" {Reflect +Blink Str+4
                  | Slay-3 SH+5}
 98277 | Vaults:5 | Identified the ring of Existentialism {rElec rPois rF+
                  | Will+ Dex-2}
 98436 | Vaults:5 | Got a silver rune of Zot
 98438 | Vaults:5 | Identified the ring of the Queen {Drain rElec rF+ MP+9
                  | Int+3}
 98475 | Vaults:5 | Identified the +11 glaive "Gileul Kythi" {elec, Will+}
 98695 | Vaults:5 | Identified the +8 falchion "Jellyslayer" {holy, *Corrode
                  | rC+ Str+4}
 98702 | Vaults:5 | Identified the +0 plate armour of Unuor {rF+ Int+4}
 99200 | Vaults:5 | Identified the +2 plate armour "Juleus" {Will+ rCorr Dex-2}
 99228 | Vaults:5 | Found the +5 Lochaber axe {reach-cleave, Poleaxe Drain}
 99243 | Vaults:5 | Identified the amulet "Jaeh" {Reflect Rampage Fly rPois rC+
                  | SH+5}
 99259 | Vaults:5 | Identified the +1 ring mail of Lesser Demons {Int+3 Dex+4}
 99280 | Vaults:5 | Identified the +10 spear "Pititek" {pain, rN+ Will+ MP+9}
 99336 | Vaults:5 | Identified the +0 cloak of the Enchanted Forest {rN+ Int+3}
 99932 | Slime:1  | Entered Level 1 of the Pits of Slime
 99936 | Slime:1  | Reached XP level 26. HP: 227/227 MP: 22/48
100185 | Slime:1  | Gained mutation: Your spells are a little harder to cast,
                  | but a little more powerful. [a shining eye]
101694 | Slime:5  | Entered Level 5 of the Pits of Slime
101959 | Slime:5  | Noticed the Royal Jelly
104532 | Slime:5  | Killed the Royal Jelly
105357 | Slime:5  | Identified the amulet "Damnable Contraption" {Spirit Dex+6}
105361 | Slime:5  | Identified the +10 sling "Kacab" {speed, MP+9 Int+4}
105364 | Slime:5  | Got a slimy rune of Zot
105365 | Slime:5  | Reached XP level 27. HP: 234/234 MP: 23/50
105383 | Slime:5  | Found the +5 glaive of the Guard {elec, spectral, AC+5}
105386 | Slime:5  | Identified the +2 pair of gloves of Bibur {rCorr Dex+4}
105873 | Zot:1    | Entered Level 1 of the Realm of Zot
106931 | Zot:1    | Identified the +9 bardiche of Kilantyo {heavy, *Rage rElec
                  | rPois}
108592 | Zot:4    | Noticed an orb of fire
108614 | Zot:4    | Killed an orb of fire
108969 | Zot:5    | Entered Level 5 of the Realm of Zot
109916 | Zot:5    | Noticed an orb of fire
109920 | Zot:5    | Killed an orb of fire
110143 | Zot:5    | Noticed a dread lich
110147 | Zot:5    | Killed a dread lich
110196 | Zot:5    | Noticed an orb of fire
110201 | Zot:5    | Killed an orb of fire
110246 | Zot:5    | Noticed a dread lich
110250 | Zot:5    | Killed a dread lich
110305 | Zot:5    | Noticed an orb of fire
110306 | Zot:5    | Gained mutation: Your body sometimes deteriorates upon
                  | taking damage. [an orb of fire]
110306 | Zot:5    | Gained mutation: You have a pair of small antennae on your
                  | head. [an orb of fire]
110307 | Zot:5    | Gained mutation: You sometimes lose your temper in combat.
                  | [an orb of fire]
110309 | Zot:5    | Killed an orb of fire
110484 | Zot:5    | Noticed an orb of fire
110538 | Zot:5    | Killed an orb of fire
110863 | Zot:5    | Noticed an orb of fire
110871 | Zot:5    | Killed an orb of fire
110871 | Zot:5    | Noticed an ancient lich
110877 | Zot:5    | Killed an ancient lich
110927 | Zot:5    | Noticed an orb of fire
110928 | Zot:5    | Gained mutation: You do not regenerate when monsters are
                  | visible. [an orb of fire]
110934 | Zot:5    | Killed an orb of fire
111280 | Zot:5    | Reached skill level 27 in Spellcasting
112035 | Zot:5    | Got the Orb of Zot
112167 | Zot:1    | Noticed Netwuxir the pandemonium lord
112172 | Zot:1    | Killed Netwuxir the pandemonium lord
112173 | Zot:1    | HP: 11/240 [poisoned by Netwuxir]
112204 | Depths:4 | Noticed Ynadghing the pandemonium lord
112309 | Depths:4 | Noticed Fapeihed the pandemonium lord
112462 | D:14     | Noticed Hecvoalo the pandemonium lord
112768 | D:$      | Escaped with the Orb!

Illustrated notes

Levels and vault maps discovered:
D:1:      lemuel_arrival_muddy, layout_basic, basic_ecumenical_altar,
          serial_bayou_lake_a
D:2:      layout_loops_ring
D:3:      layout_basic, nicolae_elevator_lobby_asterisk
D:4:      minmay_goblin_kobold_castle, layout_basic,
          nicolae_overflow_hallway_of_the_gods, nzn_wu_jian_contemplation,
          temple_statues
D:5:      layout_cave_pods, okawaru_altar_gauntlet_db, st_stairs_9,
          minmay_between
D:6:      layout_basic, kennysheep_mini_moat, serial_curves, eino_curves_04,
          eino_curves_03, wad_rectangle_vault
D:7:      layout_basic
D:8:      layout_cave_pools, lair_entry_dummy
D:9:      minmay_the_grid_3x2 [minmay_the_grid_armoury,
          minmay_the_grid_minigrid_small, minmay_the_grid_expand,
          minmay_the_grid_spikes, minmay_the_grid_outer_circle,
          minmay_the_grid_prize_trominoes], layout_loops_ring,
          minmay_orc_entry_guard_dogs, serial_shops, nicolae_shop_waterfront
D:10:     layout_big_octagon, nicolae_trove_entry_columns, the_hattery
D:11:     layout_basic, hangedman_decor_clover_reticule,
          chequers_serial_rivers_micro_c, kennysheep_island_fort, uniq_lodul
D:12:     layout_long_grid
D:13:     nzn_winding_woodlands_medium [nzn_winding_woodlands_5x5_closed_star,
          nzn_winding_woodlands_5x15_pool, nzn_winding_woodlands_hourglass,
          nzn_winding_woodlands_5x5_open_star,
          nzn_winding_woodlands_center_triple_pond,
          nzn_winding_woodlands_5x5_perimeter,
          nzn_winding_woodlands_5x5_checkerboard,
          nzn_winding_woodlands_5x15_jagged, nzn_winding_woodlands_5x5_cross],
          layout_grid_maze
D:14:     layout_cave_pools, david_vaults_1, gauntlet_entry_generic,
          nicolae_hydra_factorization
D:15:     gammafunk_depths_entry_grave, layout_basic,
          hangedman_abyss_or_decor_lesser_grid, serial_glass, glass_columns_a,
          glass_columns_b, uniq_jorgrun
Lair:1:   minmay_lair_oklob_chamber, layout_chaotic_city,
          nicolae_volcano_entry_lava_flow, uniq_fannar
Lair:2:   dreamdust_cave_troll, layout_regular_city,
          minmay_shoals_entry_lonely_mermaid, uniq_erica, uniq_nergalle,
          uniq_amaemon
Lair:3:   layout_layer_cave, nicolae_snake_entry_warm_welcome,
          gammafunk_ghost_hydra_chop
Lair:4:   layout_loops_ring, minmay_slime_entry_eyes, minmay_stone_trees_small,
          infiniplex_staircase_pool_2
Lair:5:   evilmike_catoblepas_cave, layout_loops_ring,
          ebering_ghost_disaster_area, uniq_sonja
Shoals:1: layout_shoals, uniq_frances
Shoals:2: layout_shoals, st_sunken_huts, uniq_ilsuiw, uniq_aizul,
          uniq_polyphemus, uniq_nikola
Shoals:3: cheibrodos_shoals_gigantism, layout_shoals, uniq_bai_suzhen
Shoals:4: shoals_end_grunt_ice, layout_shoals, hangedman_feature_mirror,
          uniq_roxanne, uniq_donald
Snake:1:  cheibrodos_forgotten_conduit, layout_misc_corridors,
          nrook_loot_triangle, lemuel_fruit_tree, minmay_shop_star,
          serial_bayou_shore_b, serial_bayou_shore_b
Snake:2:  layout_cave_shapes, portal_ice_cave_entry_ice_statue_one, st_stairs_9,
          uniq_louise
Snake:3:  cheibrodos_snake_lava_hold, layout_misc_corridors,
          gammafunk_ghost_abyssal_escape
Snake:4:  grunt_snake_rune_pools, layout_misc_corridors, serial_bayou_shore_a
Slime:1:  layout_caves
Slime:2:  layout_caves, cheibrodos_slime_lost_civilization_6
Slime:3:  layout_caves
Slime:4:  layout_caves
Slime:5
Orc:1:    layout_caves, basic_altar, nooodl_orcs_dogs, uniq_erolcha
Orc:2:    st_orc_town, layout_caves, lightli_orcish_oven
Elf:1:    layout_geoelf_grid, basic_altar, kennysheep_underground_church,
          hex_large
Elf:2:    nicolae_elf_blades_crystal_corner, layout_loops_corners
Elf:3:    grunt_elf_hall_diamonds, layout_geoelf_castle, serial_shops,
          nicolae_shop_behind_doors, nicolae_shop_behind_doors,
          nicolae_alphabet_shops
Vaults:1: vaults_room_ringed_pool, ontoclasm_vaults_pinch, ontoclasm_vaults_eye,
          vaults_room_pool, vaults_dpeg_encased_lava, vaults_room_semicircle,
          layout_vaults_omnigrid
Vaults:2: v_misc_24, minmay_crypt_entry_simple_sparse, hangedman_vaults_pinch,
          vaults_room_corners, v_alt_pattern_1, ontoclasm_vaults_gateway,
          nicolae_vaults_gold_heap, hangedman_vaults_capsules,
          vaults_room_grunt_arrival_checkpoint, nicolae_vaults_yaktaur_gun_rack,
          vaults_dpeg_diagonal, nicolae_vaults_asterisk,
          dpeg_vaults_monster_box, layout_vaults_big_room
Vaults:3: v_misc_28, vaults_room_mumra_shop_pool, grunt_vaults_funnel,
          grunt_vaults_hallway_long, v_misc_33, v_rooms_6, v_misc_4,
          ontoclasm_vaults_ring_large, hangedman_vaults_maws,
          layout_vaults_big_cross, uniq_xtahua, uniq_margery
Vaults:4: v_misc_29, hangedman_vaults_restitches, hangedman_vaults_trim,
          grunt_vaults_diagonal, hangedman_vaults_slice,
          nicolae_vaults_statue_guard, v_misc_1, vaults_room_grid, v_misc_5,
          nicolae_vaults_little_squares_3, ontoclasm_vaults_fault,
          nicolae_vaults_little_squares_2, vaults_dpeg_cross,
          ontoclasm_vaults_tryst, v_misc_8, nicolae_vaults_rhombus_6,
          layout_vaults_maze_snakey, serial_shops, nicolae_shop_trees, uniq_jory
Vaults:5: serial_shops, uniq_mara
Crypt:1:  layout_basic
Crypt:2:  layout_chaotic_city, ebering_ghost_disaster_area
Crypt:3:  church_of_pain_bobbens, layout_chaotic_city, minmay_strange_pillars,
          uniq_josephina
Depths:1: layout_basic, hangedman_abyss_entry_splay, minmay_misc_feat_ornament,
          rand_demon_pan_entry_9, hangedman_coc_ice_floe, guppyfry_shop_venom
Depths:2: minmay_inner_zag, layout_gridlike, enter_ziggurat_c, serial_shops,
          bzr_entry_dummy, rand_demon_pan_entry_3, hell_entry,
          grunt_ministairs_6, kennysheep_cluttered_room,
          nicolae_ru_great_annihilating_truth, minmay_shop_grove, uniq_grunn,
          uniq_sojobo
Depths:3: grunt_bent_corner, layout_gridville, hell_entry, abyss_entry_crystal,
          chequers_hall_statues_corner_a, yredelemnul_forgotten_temple_becter,
          grunt_megastairs_2, minmay_staircase_windowed_large, minmay_shoptagon
Depths:4: evilmike_zot_entry_diamond, layout_small_grid, hell_entry, pan_entry,
          special_room [special_room_jelly], lemuel_round_altar,
          serial_sigils_hangedman_shear, nicolae_transporter_intersection,
          serial_bayou_shore_b, uniq_mennas, uniq_parghit, uniq_enchantress
Zot:1:    layout_basic, grunt_ministairs_10, grunt_megastairs_1
Zot:2:    layout_gridlike
Zot:3:    layout_misc_corridors
Zot:4:    layout_onion_interference
Zot:5:    layout_misc_corridors, st_stairs_4

Skill      XL: |  1  2  3  4  5  6  7  8  9 10 11 12 13 14 15 16 17 18 19 20 21 22 23 24 25 26 27 |
---------------+----------------------------------------------------------------------------------+-----
Invocations    | 1 2 3 4 5 6 8 10 | 10.0
Spellcasting   | 3 4 5 6 7 8 10 14 15 17 20 21 23 27 | 27.0
Conjurations   | 4 5 6 7 10 12 13 15 17 18 20 22 25 27 | 27.0
Air Magic      | 2 5 7 10 12 14 19 21 22 24 26 27 | 27.0
Fighting       | 5 10 11 13 16 18 | 18.8
Dodging        | 5 8 |  8.8
Staves         | 1 6 7 |  7.0
Evocations     | 1 6 7 |  7.0
Short Blades   | |  3.0

Action                   |  1- 3 |  4- 6 |  7- 9 | 10-12 | 13-15 | 16-18 | 19-21 | 22-24 | 25-27 || total
-------------------------+-------+-------+-------+-------+-------+-------+-------+-------+-------++-------
Melee: Short sword       |    66 |   152 |    89 |       |       |       |       |       |       ||   307
       Tailslap          |     9 |    18 |    26 |    68 |    53 |    18 |    37 |    54 |     6 ||   289
       Dagger            |       |    11 |       |       |       |       |       |       |       ||    11
       Punch             |       |     1 |     4 |     4 |     7 |     4 |     3 |     6 |       ||    29
       Morningstar       |       |       |   137 |   146 |     4 |       |       |       |       ||   287
       Staff             |       |       |       |   207 |   225 |   114 |   127 |   244 |    26 ||   943
       Shillelagh        |       |       |       |       |   114 |     4 |    12 |       |       ||   130
 Cast: Magic Dart        |    74 |   199 |   286 |   255 |    13 |       |       |       |       ||   827
       Poisonous Vapours |       |       |     5 |    43 |    17 |     7 |     1 |       |       ||    73
       Mephitic Cloud    |       |       |     2 |    41 |       |     3 |       |       |       ||    46
       Lightning Bolt    |       |       |       |       |   231 |   154 |   454 |   306 |    49 ||  1194
       Arcjolt           |       |       |       |       |   129 |    68 |    99 |    93 |       ||   389
       Static Discharge  |       |       |       |       |     3 |       |       |       |       ||     3
       Conjure Ball Ligh |       |       |       |       |       |    46 |   106 |     3 |     3 ||   158
       Vhi's Electric Ch |       |       |       |       |       |     3 |       |       |       ||     3
       Orb of Destructio |       |       |       |       |       |    25 |    39 |     6 |       ||    70
       Airstrike         |       |       |       |       |       |       |   157 |       |     1 ||   158
       Apportation       |       |       |       |       |       |       |     5 |       |    38 ||    43
       Chain Lightning   |       |       |       |       |       |       |       |   211 |   312 ||   523
       Maxwell's Capacit |       |       |       |       |       |       |       |    69 |   100 ||   169
Invok: Purification      |       |     1 |     2 |     1 |     1 |     2 |       |     1 |     1 ||     9
       Heal Self         |       |     1 |     1 |     2 |       |    10 |     4 |     2 |     4 ||    24
       Heal Other        |       |     1 |       |    26 |     9 |     1 |     5 |     2 |       ||    44
       Divine Vigour     |       |       |       |       |       |     1 |     1 |       |       ||     2
 Abil: Breathe Lightning |       |       |    25 |    36 |    15 |     2 |     7 |     7 |     6 ||    98
Evoke: Wand              |       |       |       |     9 |       |     9 |     8 |     1 |    20 ||    47
       Phantom mirror    |       |       |       |     1 |     1 |     2 |     1 |     1 |     1 ||     7
       Phial of floods   |       |       |       |       |     2 |     1 |       |       |       ||     3
  Use: Scroll            |     4 |     3 |     4 |    11 |    15 |    12 |    10 |     6 |    10 ||    75
       Potion            |       |     2 |       |     3 |     3 |     9 |     8 |     3 |     3 ||    31
 Stab: Sleeping          |     1 |       |       |       |       |       |       |       |       ||     1
       Confused          |       |       |       |     6 |       |       |       |       |       ||     6
       Distracted        |       |       |       |       |       |       |       |     1 |       ||     1
Armor: Skin              |    20 |    89 |   155 |   202 |   246 |   151 |   245 |   214 |   101 ||  1423
Dodge: Dodged            |    26 |   113 |   143 |   322 |   326 |   178 |   298 |   313 |   172 ||  1891
Block: Other             |       |       |    68 |   118 |   122 |    63 |   116 |    78 |       ||   565
       Reflection        |       |       |     4 |     9 |    21 |     6 |    19 |     3 |    18 ||    80
       Buckler           |       |       |       |       |       |       |       |    44 |    96 ||   140

Table legend: (Time is in decaauts)
 A = Elapsed time spent in this place.
 B = Non-inter-level travel time spent in this place.
 C = Inter-level travel time spent in this place.
 D = Time resting spent in this place.
 E = Time spent auto-exploring this place.
 F = Levels seen in this place.
 G = Mean time per level.
                   A        B        C        D        E       F      G
               +--------+--------+--------+--------+--------+-----+--------+
         Total | 112932 | 106313 |   6619 |  54451 |  31364 |  60 | 1882.2 |
       Dungeon |  29663 |  26725 |   2938 |  10611 |  11575 |  15 | 1977.5 |
          Lair |  10917 |   9949 |    968 |   4923 |   3704 |   5 | 2183.4 |
        Shoals |   9353 |   8919 |    434 |   5153 |   2030 |   4 | 2338.2 |
     Snake Pit |   7301 |   7095 |    206 |   3810 |   2093 |   4 | 1825.2 |
    Slime Pits |   5120 |   4977 |    143 |   3372 |    663 |   5 | 1024.0 |
  Orcish Mines |   2638 |   2289 |    349 |    618 |   1201 |   2 | 1319.0 |
   Elven Halls |   6823 |   6625 |    198 |   3079 |   1726 |   3 | 2274.3 |
        Vaults |  14623 |  14004 |    619 |   8090 |   3230 |   5 | 2924.6 |
         Crypt |   7690 |   7452 |    238 |   4256 |   1613 |   3 | 2563.3 |
        Depths |  11639 |  11162 |    477 |   6169 |   3294 |   4 | 2909.8 |
           Zot |   5828 |   5784 |     44 |   3764 |     94 |   5 | 1165.6 |
        Bazaar |     91 |     91 |      0 |     35 |      0 |   1 |   91.0 |
         Trove |     28 |     28 |      0 |      0 |      0 |   1 |   28.0 |
      Ice Cave |    158 |    158 |      0 |    116 |      0 |   1 |  158.0 |
       Volcano |     57 |     57 |      0 |      0 |      0 |   1 |   57.0 |
      Gauntlet |    994 |    994 |      0 |    453 |    141 |   1 |  994.0 |
               +--------+--------+--------+--------+--------+-----+--------+

Top non-repeatable levels by time:
Depths:3: 5657 daAuts
Vaults:4: 5352 daAuts
   Elf:3: 3934 daAuts
     D:9: 3709 daAuts
    D:15: 3266 daAuts
 Crypt:2: 3235 daAuts
 Crypt:3: 3193 daAuts
    D:13: 3104 daAuts
  Lair:4: 2937 daAuts
Shoals:3: 2845 daAuts
   Zot:5: 2733 daAuts
     D:4: 2731 daAuts
Vaults:3: 2709 daAuts
Shoals:2: 2704 daAuts
Depths:4: 2630 daAuts
